 Dungeon Crawl Stone Soup version 0.19-a0-1908-g43c011f (webtiles) character file.

200 Naow the Conjurer (level 5, 0/35 HPs)
             Began as a Mummy Conjurer on Oct 22, 2016.
             Slain by an orc priest
             ... wielding a +0 hand axe
              (8 damage)
             ... on level 3 of the Dungeon.
             The game lasted 00:08:07 (2910 turns).

Naow the Conjurer (Mummy Conjurer)                  Turns: 2910, Time: 00:08:08

Health: 0/35       AC:  7    Str: 11    XL:     5   Next: 48%
Magic:  1/9        EV: 13    Int: 15    God:
Gold:   210        SH:  0    Dex: 18    Spells: 1 memorised, 9 levels left

rFire  x . .     SeeInvis .     k - +0 whip
rCold  + . .     Gourm    .     a - +0 robe
rNeg   + + +     Faith    .     (no shield)
rPois  ∞         Spirit   .     s - +2 hat
rElec  .         Reflect  .     (no cloak)
rCorr  .         Harm     .     (no gloves)
MR     .....                    c - +2 pair of boots
Stlth  ++........               m - amulet of magic regeneration
                                (no ring)
                                h - +5 ring of dexterity

@: very slightly contaminated
A: no food or potions, fire vulnerability, cold resistance 1, negative energy
resistance 3, torment resistance, unbreathing
a: no special abilities


You were on level 3 of the Dungeon.
You were not hungry.

You visited 1 branch of the dungeon, and saw 3 of its levels.

You collected 210 gold pieces.

Inventory:

Hand Weapons
 k - a +0 whip (weapon)
Missiles
 d - 4 needles of sleeping
 l - 14 poisoned needles
Armour
 a - a +0 robe (worn)
 c - a +2 pair of boots (worn)
 s - a +2 hat (worn)
Jewellery
 h - a +5 ring of dexterity (left hand)
 m - an amulet of magic regeneration (around neck)
 p - a +4 ring of strength {unknown}
 r - an uncursed ring of stealth {unknown}
Wands
 u - a wand of flame (28/48)
Scrolls
 e - 2 scrolls of enchant weapon {unknown}
 f - 6 scrolls of identify {unknown}
 g - 2 scrolls of magic mapping {unknown}
 i - 2 scrolls of amnesia {unknown}
 j - a scroll of random uselessness {unknown}
 n - a scroll of enchant armour {unknown}
 o - 3 scrolls of remove curse {unknown}
 q - a scroll of teleportation {unknown}
 t - a scroll of noise {unknown}
Books
 b - a book of Conjurations

   Spells                             Type                      Level
   a - Magic Dart                     Conjuration                  1
   b - Searing Ray                    Conjuration                  2
   c - Dazzling Spray                 Conjuration/Hexes            3
   d - Fulminant Prism                Conjuration/Hexes            4
   e - Iskenderun's Mystic Blast      Conjuration                  4
   f - Iskenderun's Battlesphere      Conjuration/Charms           5


   Skills:
 + Level 0.2 Fighting
 + Level 0.2 Maces & Flails
 + Level 2.5 Dodging
 + Level 1.7 Stealth
 + Level 3.1 Spellcasting
 + Level 4.5 Conjurations


You had 9 spell levels left.
You knew the following spells:

 Your Spells              Type           Power        Failure   Level  Hunger
a - Magic Dart            Conj           ###.         3%          1    N/A

Dungeon Overview and Level Annotations

Branches:
Dungeon (3/15)

Altars:
Elyvilon
Qazlal


Innate Abilities, Weirdness & Mutations

You do not eat or drink.
Your flesh is vulnerable to fire.
You are immune to poison.
Your flesh is cold resistant. (rC+)
You are immune to negative energy. (rN+++)
You are immune to unholy pain and torment.
You can survive without breathing.


Message History

Confirm with . or Enter, or press ? or * to list all spells.
You don't have enough magic to cast that spell.
Casting: Magic Dart
Confirm with . or Enter, or press ? or * to list all spells.
You don't have enough magic to cast that spell.
You are too injured to fight recklessly!
You are too injured to fight recklessly!
You are too injured to fight recklessly!
You are too injured to fight recklessly!
You hit the orc priest but do no damage.
The orc priest closely misses you.
You closely miss the orc priest. The orc priest misses you.
You hit the orc priest.
The orc priest is lightly wounded.
The orc priest invokes the aid of Beogh against you.
You are unaffected.
The orc priest completely misses you.
You closely miss the orc priest.
The orc priest is lightly wounded.
The orc priest hits you with a hand axe!
You die...

####.......###....
#..###..# #.### #.o #.##
#.o# #.# # #....
#.####..# #.### #.#'#
#.##....# #.##. #.#.#
###.##.##o# #.##. #.#.#
#.........# #....
#.####.#.##
###..###.#### ####.
#.........###.@...##.#
#. #.....##o###....## #.
#######...#...#$#.....##
#.
......).....###.###....#
##
..######....#.....#....#
#).###.###)###..#
#......# #...#..#
#..###.###.###.##
#######....#.....#...#


You could see an orc priest.

Vanquished Creatures
  An orc priest (D:3)
  An orc wizard (D:3)
  5 adders
  2 oozes
  2 worms
  3 dart slugs
  A leopard gecko (D:3)
  9 orcs (D:3)
  6 bats
  2 giant cockroaches (D:1)
  9 goblins
  7 hobgoblins
  8 jackals
  5 kobolds
  2 frilled lizards (D:3)
  7 rats
70 creatures vanquished.

Notes
Turn   | Place    | Note
-------+----------+-------------------------------------------
     0 | D:1      | Naow the Mummy Conjurer began the quest for the Orb.
     0 | D:1      | Reached XP level 1. HP: 13/13 MP: 3/3
   554 | D:1      | Reached XP level 2. HP: 19/19 MP: 0/5
   984 | D:1      | You fall through a shaft!
   987 | D:2      | Reached XP level 3. HP: 24/24 MP: 2/6
  1491 | D:2      | Reached skill level 4 in Conjurations
  1886 | D:3      | Reached XP level 4. HP: 30/30 MP: 2/7
  2583 | D:3      | Found a white marble altar of Elyvilon.
  2583 | D:3      | Found a stormy altar of Qazlal.
  2697 | D:3      | Reached XP level 5. HP: 16/35 MP: 0/9
  2910 | D:3      | Slain by an orc priest

Vault maps used:
D:1:      lightli_arrival_maybe_door_vault, nemelex_diamond_rough_becter
D:2:      st_stairs_14
D:3:      gammafunk_temple_overflow_elements, minmay_quantized

Skill      XL: |  1  2  3  4 |
---------------+-------------+-----
Dodging        | 2 |  2.5
Conjurations   | 4 |  4.5
Spellcasting   | 3 |  3.1
Fighting       | |  0.2
Maces & Flails | |  0.2
Stealth        | |  1.7

Action                   |  1- 3 |  4- 6 || total
-------------------------+-------+-------++-------
Melee: Unarmed           |    10 |       ||    10
       Whip              |    22 |    19 ||    41
 Cast: Magic Dart        |   125 |   122 ||   247
Armor: Robe              |    44 |    24 ||    68
Dodge: Dodged            |    85 |    49 ||   134
